Map: Ever Dream LE

Players

Areff

  • Race: Zerg Zerg
  • League: Master
  • Spawn Location: 7:00

Garitos - Winner!

  • Race: Zerg Zerg
  • League: Grandmaster
  • Spawn Location: 1:00

VOD

Have the link to the VOD?

Description

Time

  • Played on: Sept. 16, 2020, 6:59 a.m.
  • Length: 6:57
Show
View Real Time Build Order
Export as new Build Order

Areff Zerg 

Build Orders: Hatch First 

Get SALT Encoding   

  12  0:00  Drone  
  13  0:12  Overlord  
  13  0:16  Drone  
  14  0:32  Drone x2  
  16  0:47  Hatchery  
  15  0:53  Drone  
  15  0:54  Drone  
  17  0:57  Drone  
  18  1:08  Extractor  
  17  1:14  Spawning Pool  
  17  1:16  Drone  
  17  1:23  Drone  
  18  1:29  Drone  
  19  1:40  Drone  
  20  1:51  Drone  
  21  2:01  Queen x2  
  21  2:02  Zergling x4  
  27  2:11  Overlord  
  27  2:13  Drone  
  27  2:14  Metabolic Boost  
  29  2:30  Drone  
  29  2:32  Drone  
  29  2:35  Hatchery  
  29  2:41  Drone x2  
  30  2:48  Drone  
  30  2:49  Drone  
  31  2:53  Baneling Nest, Zergling x2  
  31  2:55  Zergling x2  
  32  3:05  Overlord  
  32  3:11  Zergling x2  
  33  3:16  Drone x2  
  33  3:19  Evolution Chamber  
  35  3:21  Drone  
  35  3:23  Queen  
  35  3:25  Drone  
  35  3:26  Drone x3  
  42  3:32  Drone x2  
  44  3:46  Overlord  
  44  3:50  Lair  
  44  3:53  Roach Warren  
  44  3:54  Drone  
  44  3:55  Drone x3  
  47  3:56  Drone  
  47  3:57  Drone  
  47  4:00  Drone  
  47  4:01  Extractor  
  47  4:02  Extractor  
  48  4:12  Zergling x10  
  52  4:19  Drone  
  52  4:20  Drone x3  
  56  4:26  Drone  
  56  4:28  Overlord x2  
  57  4:36  Overlord  
  57  4:43  Zergling x2  
  57  4:45  Overlord x2  
  57  4:49  Overseer  
  57  4:55  Overlord  
  57  4:56  Roach x4  
  57  4:57  Roach  
  69  5:00  Roach  
  69  5:06  Roach x2  
  72  5:11  Roach x2  
  76  5:16  Roach  
  76  5:19  Roach  
  80  5:28  Roach x3  
  85  5:30  Roach  
  85  5:33  Queen  
  85  5:34  Queen  
  86  5:36  Roach x2  
  90  5:44  Roach x2  
  90  5:45  Roach  
  90  5:48  Roach  
  88  5:51  Zergling x8  
  88  5:53  Roach  
  86  5:57  Roach  
  86  5:59  Roach  
  86  6:03  Zergling x2, Roach  
  86  6:04  Zergling x2  
  82  6:18  Zergling x6  
  82  6:19  Zergling x2  
  82  6:22  Roach Warren  
  78  6:27  Zergling x4  
  78  6:31  Zergling x2  
  71  6:34  Zergling x2  
  71  6:39  Zergling x4  
Show
View Real Time Build Order
Export as new Build Order

Garitos Zerg - Winner!

Build Orders: Hatch First 

Get SALT Encoding   

  12  0:00  Drone  
  13  0:12  Overlord  
  13  0:17  Drone  
  14  0:30  Drone x2  
  16  0:49  Hatchery  
  15  0:51  Drone  
  16  1:06  Spawning Pool  
  16  1:10  Drone  
  16  1:14  Drone  
  16  1:17  Drone  
  18  1:20  Extractor  
  17  1:38  Drone x2  
  19  1:53  Queen  
  21  1:57  Zergling x2  
  22  2:04  Queen  
  22  2:05  Zergling x2  
  22  2:07  Overlord  
  22  2:08  Drone  
  26  2:15  Drone  
  26  2:16  Drone  
  28  2:26  Drone x2  
  28  2:29  Queen  
  32  2:33  Drone  
  32  2:50  Drone x3  
  34  2:56  Overlord  
  34  2:57  Drone  
  35  3:06  Evolution Chamber  
  35  3:07  Roach Warren  
  35  3:09  Drone x2  
  35  3:12  Lair  
  35  3:13  Overlord  
  35  3:16  Drone  
  35  3:17  Drone  
  37  3:23  Overlord  
  37  3:25  Drone x2  
  39  3:28  Drone  
  39  3:32  Zerg Missile Weapons Level 1  
  41  3:41  Drone  
  41  3:44  Extractor x2, Drone  
  41  3:45  Drone  
  41  3:54  Roach  
  41  3:55  Overlord, Roach  
  45  3:57  Drone x4  
  49  4:03  Evolution Chamber  
  49  4:06  Drone x2  
  50  4:14  Overlord  
  50  4:15  Glial Reconstitution  
  50  4:18  Evolution Chamber  
  50  4:21  Roach x3  
  50  4:22  Roach  
  58  4:31  Roach x3  
  64  4:34  Roach  
  64  4:37  Roach  
  68  4:43  Roach  
  70  4:46  Roach  
  70  4:47  Overlord x2  
  72  4:56  Roach x2  
  76  5:06  Roach  
  82  5:07  Roach x2  
  82  5:09  Roach x2  
  86  5:16  Roach  
  86  5:17  Roach x2  
  90  5:35  Roach x2  
  88  5:56  Roach x5  
  92  5:57  Overlord x2  
  92  6:04  Overlord  
  92  6:08  Overlord x2  
  92  6:16  Roach  
  92  6:18  Roach  
  90  6:21  Roach  
  78  6:35  Roach x2  
  84  6:45  Ravager x2  
  86  6:47  Ravager  
Tags
 
Add a new tag
Caveats
  • Supply blocks, unpowered buildings, or Contaminate may cause inaccurate times.
  • Supply counts are checked every 10 seconds.